 Dungeon Crawl Stone Soup version 0.21.1-1-g345015fe64 (webtiles) character file.

17072 Hibernaculum the Destroyer (level 12, 0/86 HPs)
             Began as a Mummy Conjurer on June 30, 2018.
             Was a Priest of Vehumet.
             Slain by an elephant (5 damage)
             ... on level 3 of the Lair of Beasts.
             The game lasted 01:11:11 (25415 turns).

Hibernaculum the Destroyer (Mummy Conjurer)        Turns: 25415, Time: 01:11:11

Health: 0/86       AC: 10    Str: 11    XL:     12   Next: 15%
Magic:  22/22      EV: 14    Int: 20    God:    Vehumet [***...]
Gold:   514        SH:  7    Dex: 12    Spells: 6/25 levels left

rFire    x . .     SeeInvis .   e - +2 dagger (venom)
rCold    + . .     Gourm    .   C - +2 buckler
rNeg     + + +     Faith    .   r - +1 robe {MR+}
rPois    ∞         Spirit   .   i - +1 helmet
rElec    .         Reflect  .   (no cloak)
rCorr    .         Harm     .   (no gloves)
MR       ++...                  (no boots)
Stlth    ++........             (no amulet)
HPRegen  0.24/turn              x - +5 ring of protection
MPRegen  0.18/turn              p - ring of wizardry

@: no status effects
A: no food or potions, fire vulnerability, cold resistance 1, negative energy
resistance 3, torment resistance, unbreathing
a: Renounce Religion


You were on level 3 of the Lair of Beasts.
You worshipped Vehumet.
Vehumet was most pleased with you.
You were not hungry.

You visited 3 branches of the dungeon, and saw 14 of its levels.

You collected 514 gold pieces.

Inventory:

Hand Weapons
 e - a +2 dagger of venom (weapon)
 q - a +0 long sword of slicing
Armour
 i - a +1 helmet (worn)
 r - a +1 robe of magic resistance (worn)
 s - a scarf of spirit shield
 C - a +2 buckler (worn)
Magical Staves
 l - an uncursed staff of air
 w - an uncursed staff of earth
Jewellery
 j - an uncursed ring of see invisible
 p - a ring of wizardry (right hand)
 v - an uncursed ring of flight
 x - a +5 ring of protection (left hand)
Wands
 d - a wand of random effects (26)
 g - a wand of iceblast (10)
 n - a wand of clouds (4)
 t - a wand of flame (26)
 u - a wand of acid (9)
 z - a wand of enslavement (20)
Scrolls
 c - 3 scrolls of enchant weapon
 f - 3 scrolls of amnesia
 h - 5 scrolls of teleportation
 m - 8 scrolls of identify
 o - 4 scrolls of remove curse
 y - a scroll of fear
 A - a scroll of enchant armour
 B - 3 scrolls of fog {unknown}
 E - a scroll of brand weapon
 H - 2 scrolls of blinking
 I - a scroll of magic mapping {unknown}
Books
 a - a book of Enchantments

   Spells                             Type                      Level
   a - Cause Fear                     Hexes                        4
   b - Yara's Violent Unravelling     Hexes/Transmutation          5
   c - Silence                        Hexes/Air                    5
   d - Deflect Missiles               Charms/Air                   6
   e - Discord                        Hexes                        8
 b - a book of Conjurations

   Spells                             Type                      Level
   a - Magic Dart                     Conjuration                  1
   b - Searing Ray                    Conjuration                  2
   c - Dazzling Spray                 Conjuration/Hexes            3
   d - Fulminant Prism                Conjuration/Hexes            4
   e - Force Lance                    Conjuration/Translocation    4
   f - Iskenderun's Mystic Blast      Conjuration                  4
 k - a book of Frost

   Spells                             Type                      Level
   a - Freeze                         Ice                          1
   b - Throw Frost                    Conjuration/Ice              2
   c - Ozocubu's Armour               Charms/Ice                   3
   d - Throw Icicle                   Conjuration/Ice              4
   e - Summon Ice Beast               Ice/Summoning                4
 D - a book of Maledictions

   Spells                             Type                      Level
   a - Corona                         Hexes                        1
   b - Ensorcelled Hibernation        Hexes/Ice                    2
   c - Confuse                        Hexes                        3
   d - Tukima's Dance                 Hexes                        3
   e - Dazzling Spray                 Conjuration/Hexes            3
 F - a book of Geomancy

   Spells                             Type                      Level
   a - Sandblast                      Earth                        1
   b - Passwall                       Transmutation/Earth          2
   c - Stone Arrow                    Conjuration/Earth            3
   d - Petrify                        Transmutation/Earth          4
   e - Lee's Rapid Deconstruction     Earth                        5
 G - a book of Necromancy

   Spells                             Type                      Level
   a - Pain                           Necromancy                   1
   b - Animate Skeleton               Necromancy                   1
   c - Vampiric Draining              Necromancy                   3
   d - Regeneration                   Charms/Necromancy            3
   e - Animate Dead                   Necromancy                   4
   f - Borgnjor's Vile Clutch         Necromancy/Earth             5


   Skills:
 - Level 5.0 Fighting
 - Level 5.0 Armour
 - Level 5.1 Dodging
 - Level 1.5 Stealth
 - Level 4.0 Shields
 - Level 7.1 Spellcasting
 - Level 10.1 Conjurations
 - Level 3.3 Charms
 + Level 8.6 Ice Magic


You had 6 spell levels left.
You knew the following spells:

 Your Spells              Type           Power        Failure   Level  Hunger
a - Magic Dart            Conj           ####         1%          1    N/A
b - Searing Ray           Conj           #####.       1%          2    N/A
c - Fulminant Prism       Conj/Hex       ####......   1%          4    N/A
d - Ozocubu's Armour      Chrm/Ice       ####....     1%          3    N/A
e - Borgnjor's Vile Clut  Necr/Erth      #.........   67%         5    N/A
f - Summon Ice Beast      Ice/Summ       ###.....     6%          4    N/A

Dungeon Overview and Level Annotations

Branches:
Dungeon (10/15)            Temple (1/1) D:6            Lair (3/6) D:8
  Swamp (0/4) Lair:3       Spider (0/4) Lair:2          Orc (0/2) D:9

Altars:
Ashenzari
Cheibriados
Dithmenos
Elyvilon
Fedhas
Gozag
Hepliaklqana
Kikubaaqudgha
Makhleb
Nemelex Xobeh
Okawaru
Qazlal
Ru
Sif Muna
Trog
Uskayaw
Vehumet
Wu Jian
Xom
Yredelemnul
Zin
The Shining One
Lugonu

Shops:
D:10 *

Annotations:
D:2 1 runed door
D:4 exclusion: downstairs
D:5 !Prince Ribbit, Grinder
D:7 exclusion: downstairs
D:10 Urug; martinkus's ghost, novice DrCj


Innate Abilities, Weirdness & Mutations

You do not eat or drink.
Your flesh is vulnerable to fire.
You are immune to poison.
Your flesh is cold resistant. (rC+)
You are immune to negative energy. (rN+++)
You are immune to unholy pain and torment.
You can survive without breathing.


Message History

The elephant tramples you!
* * * LOW HITPOINT WARNING * * *
You stumble backwards!
You stop ascending the stairs.
Found 17 gold pieces.
Found a white potion.
Found 23 stones.
Found 17 gold pieces.
There is a stone staircase leading up here.
The elephant tramples you.
* * * LOW HITPOINT WARNING * * *
You stumble backwards!
You stop ascending the stairs.
You block the elephant's attack. The elephant trunk-slaps you.
* * * LOW HITPOINT WARNING * * *
You block the elephant's attack. The elephant barely misses you.
There is a stone staircase leading up here.
The elephant tramples you!
* * * LOW HITPOINT WARNING * * *
You stumble backwards!
You stop ascending the stairs.
The elephant tramples you.
You die...

......#P######
.......P#...##
...#...#....#
#..........##
##P........[#
#%........#.######
#.....Y.<..#..#..#
###...Y..........##
##..@.....<......#
#................#
##......§§§.....##
##......§§§§....##
.#.......§§§§P....#
.........§§§§....##
........##§.....##
##.......#P...:...#
#.............####


You could see 2 elephants.

Vanquished Creatures
  An oklob plant (Lair:1)
  3 elephants
  A black mamba (D:8)
  6 spiny frogs
  2 komodo dragons (Lair:2)
  A polar bear (Lair:2)
  Prince Ribbit (D:5)
  Grinder (D:5)
  6 hippogriffs
  3 redbacks
  A spriggan (D:7)
  Sigmund (D:5)
  20 yaks
  Eustachio (D:4)
  2 wyverns
  A basilisk (Lair:2)
  A hungry ghost (D:9)
  Menkaure (D:6)
  7 porcupines
  2 orc warriors
  3 ice beasts
  2 eyes of draining
  A swamp drake (Lair:3)
  A black bear (D:8)
  3 sky beasts
  The ghost of tidbits the Charmwright, an amateur GnSk (D:6)
  2 necrophages
  8 ogres
  A phantom (D:7)
  7 wolves
  4 centaurs
  5 crocodiles
  Blork the orc (D:6)
  2 big kobolds
  11 bullfrogs
  4 scorpions
  7 howler monkeys
  A crimson imp (D:8)
  4 hounds
  2 bullfrog zombies (D:5)
  A bullfrog skeleton (D:8)
  4 orc priests
  2 centaur skeletons
  2 jellies
  6 orc wizards
  4 iguanas
  Ijyb (D:4)
  Natasha (thrice) (D:3)
  A statue (D:7)
  7 worker ants
  A howler monkey zombie (D:8)
  A worker ant zombie (D:8)
  4 gnolls (D:3)
  19 adders
  A shadow imp (D:10)
  3 oozes
  2 adder zombies
  4 worms
  A dart slug (D:1)
  3 leopard geckos
  19 orcs
  5 ball pythons
  3 goblins (D:1)
  4 hobgoblins
  4 jackals (D:3)
  20 kobolds
  2 quokkas (D:8)
  9 bats
  5 frilled lizards
  A jackal skeleton (D:4)
  A quokka zombie (D:5)
  5 rats
  2 fulminant prisms
  A fungus (D:8)
283 creatures vanquished.

Vanquished Creatures (collateral kills)
  A crocodile (Lair:3)
1 creature vanquished.

Vanquished Creatures (others)
  A spiny frog (Lair:2)
  A water moccasin (Lair:2)
  11 fulminant prisms
  23 fungi
  A plant (D:3)
37 creatures vanquished.

Grand Total: 321 creatures vanquished

Notes
Turn   | Place    | Note
-------+----------+-------------------------------------------
     0 | D:1      | Hibernaculum the Mummy Conjurer began the quest for the Orb.
     0 | D:1      | Reached XP level 1. HP: 13/13 MP: 4/4
   137 | D:1      | Reached XP level 2. HP: 19/19 MP: 1/5
   389 | D:1      | Reached skill level 4 in Conjurations
   407 | D:1      | Reached XP level 3. HP: 8/24 MP: 0/7
  1111 | D:2      | Reached XP level 4. HP: 30/30 MP: 4/8
  1153 | D:2      | Found a runed door.
  1473 | D:2      | Reached skill level 5 in Conjurations
  1976 | D:3      | Learned a level 2 spell: Searing Ray
  2428 | D:3      | Found a glowing silver altar of Zin.
  2429 | D:3      | Noticed an angel
  2431 | D:3      | Found a shimmering altar of Xom.
  2517 | D:3      | Reached XP level 5. HP: 35/35 MP: 5/9
  2572 | D:3      | Found a faded altar of an unknown god.
  2617 | D:3      | Learned a level 4 spell: Fulminant Prism
  2886 | D:3      | Found a hazy altar of Hepliaklqana.
  3031 | D:3      | Noticed Natasha
  3035 | D:3      | Killed Natasha
  3041 | D:3      | Noticed Natasha
  3048 | D:3      | Killed Natasha
  3766 | D:3      | Noticed Natasha
  3857 | D:3      | Killed Natasha
  3857 | D:3      | Reached skill level 6 in Conjurations
  3857 | D:3      | Reached XP level 6. HP: 20/41 MP: 2/10
  4176 | D:4      | Noticed Ijyb
  4181 | D:4      | Noticed Eustachio
  4197 | D:4      | Killed Ijyb
  4292 | D:4      | Killed Eustachio
  4292 | D:4      | Reached skill level 7 in Conjurations
  4292 | D:4      | Reached XP level 7. HP: 23/46 MP: 1/11
  4778 | D:3      | Found a glowing silver altar of Zin.
  5130 | D:5      | Entered Level 5 of the Dungeon
  5150 | D:5      | Noticed Sigmund
  5463 | D:5      | Found a shadowy altar of Dithmenos.
  5663 | D:5      | Found a sparkling altar of Nemelex Xobeh.
  5683 | D:5      | Reached skill level 8 in Conjurations
  6010 | D:5      | Killed Sigmund
  6010 | D:5      | Reached XP level 8. HP: 37/52 MP: 7/12
  6288 | D:5      | Noticed Grinder
  6291 | D:5      | Noticed Prince Ribbit
  6863 | D:5      | Reached skill level 9 in Conjurations
  7091 | D:6      | Found a blossoming altar of Fedhas.
  7127 | D:6      | Noticed tidbits's ghost (amateur GnSk)
  7137 | D:6      | Noticed Menkaure
  7157 | D:6      | Killed tidbits's ghost
  7348 | D:6      | Found a staircase to the Ecumenical Temple.
  7354 | Temple   | Entered the Ecumenical Temple
  7613 | D:6      | Found a stormy altar of Qazlal.
  7641 | D:6      | Learned a level 3 spell: Ozocubu's Armour
  7841 | D:6      | Noticed Blork the orc
  7846 | D:6      | Killed Blork the orc
  7953 | D:6      | Found a snail-covered altar of Cheibriados.
  7968 | D:6      | Killed Menkaure
  7968 | D:6      | Reached skill level 10 in Conjurations
  8029 | D:6      | Found an opulent altar of Gozag.
  8030 | D:6      | Found a white marble altar of Elyvilon.
  8347 | D:7      | Found a radiant altar of Vehumet.
  8395 | D:7      | Became a worshipper of Vehumet
  8572 | D:7      | Reached skill level 1 in Charms
  8619 | D:7      | Reached XP level 9. HP: 45/57 MP: 8/13
  9128 | D:7      | Found an iron altar of Okawaru.
  9139 | D:7      | Found the +10 Black Knight's horse barding {ponderous, rPois rN+}
  9831 | D:5      | Killed Prince Ribbit
 10147 | D:5      | Found a sacrificial altar of Ru.
 10235 | D:5      | Killed Grinder
 11014 | D:8      | Reached skill level 5 in Dodging
 11059 | D:8      | Reached skill level 1 in Fighting
 11761 | D:7      | Found an iron altar of Okawaru.
 12081 | D:7      | Found a radiant altar of Vehumet.
 12692 | D:8      | Reached XP level 10. HP: 73/73 MP: 7/14
 12871 | D:8      | Found a staircase to the Lair.
 12900 | D:8      | Reached skill level 5 in Fighting
 12917 | D:8      | Reached skill level 1 in Armour
 13482 | D:7      | Reached * piety under Vehumet
 13482 | D:7      | Offered knowledge of Shock by Vehumet.
 13868 | D:8      | Noticed a two-headed ogre
 14639 | D:8      | Reached skill level 5 in Armour
 14963 | D:9      | Found a glowing golden altar of the Shining One.
 15246 | D:9      | Reached skill level 5 in Spellcasting
 15309 | D:9      | Found a staircase to the Orcish Mines.
 16266 | D:9      | Found a deep blue altar of Sif Muna.
 16297 | D:10     | Entered Level 10 of the Dungeon
 16467 | D:10     | Offered knowledge of Throw Flame by Vehumet.
 16475 | D:10     | Reached ** piety under Vehumet
 16994 | D:10     | Reached skill level 1 in Shields
 17100 | D:10     | Noticed martinkus's ghost (novice DrCj)
 17827 | D:10     | Found Zohuq's Elemental Accessories.
 17917 | D:10     | Noticed Urug
 18497 | Lair:1   | Entered Level 1 of the Lair of Beasts
 18497 | Lair:1   | Noticed an oklob plant
 18774 | Lair:1   | Noticed a black mamba
 18855 | D:8      | Killed a black mamba
 19432 | Lair:1   | Reached XP level 11. HP: 71/79 MP: 17/21
 19922 | Lair:1   | Reached skill level 1 in Ice Magic
 21328 | Lair:1   | Killed an oklob plant
 21545 | Lair:1   | Learned a level 5 spell: Borgnjor's Vile Clutch
 21551 | Lair:1   | Learned a level 4 spell: Summon Ice Beast
 21682 | Lair:2   | Reached skill level 5 in Ice Magic
 22251 | Lair:2   | Offered knowledge of Static Discharge by Vehumet.
 22757 | Lair:2   | Found a hole to the Spider Nest.
 23545 | Lair:2   | Reached *** piety under Vehumet
 23811 | Lair:3   | Found a staircase to the Swamp.
 23825 | Lair:2   | Reached XP level 12. HP: 13/86 MP: 3/22
 25412 | Lair:3   | HP: 4/86 [elephant (9)]
 25415 | Lair:3   | Slain by an elephant

Skill      XL: |  1  2  3  4  5  6  7  8  9 10 11 12 |
---------------+-------------------------------------+-----
Conjurations   | 4 5 6 7 8 10 | 10.1
Spellcasting   | 3 7 |  7.1
Charms         | 2 3 |  3.3
Dodging        | 5 |  5.1
Fighting       | 4 5 |  5.0
Armour         | 5 |  5.0
Shields        | 2 4 |  4.0
Ice Magic      | 7 8 |  8.6
Stealth        | |  1.5

Action                   |  1- 3 |  4- 6 |  7- 9 | 10-12 || total
-------------------------+-------+-------+-------+-------++-------
Melee: Dagger            |    44 |    68 |    96 |   212 ||   420
 Cast: Magic Dart        |    42 |    62 |    20 |    27 ||   151
       Searing Ray       |       |    15 |    79 |   167 ||   261
       Ozocubu's Armour  |       |       |     8 |    25 ||    33
       Fulminant Prism   |       |       |       |    13 ||    13
       Summon Ice Beast  |       |       |       |     6 ||     6
Evoke: Wand              |       |       |       |     4 ||     4
  Use: Scroll            |       |       |    11 |     3 ||    14
 Stab: Sleeping          |       |     1 |     2 |       ||     3
Armor: Robe              |     6 |    16 |    48 |   177 ||   247
Dodge: Dodged            |    35 |    56 |   136 |   453 ||   680
Block: Buckler           |       |       |       |   152 ||   152
